 Dungeon Crawl Stone Soup version 0.22.0-6-g71bd7aa (webtiles) character file.

10 Amnesiac the Magician (level 2, -2/19 HPs)
             Began as a Mummy Air Elementalist on Aug 16, 2018.
             Slain by a worker ant (5 damage)
             ... on level 4 of the Dungeon.
             The game lasted 00:01:51 (493 turns).

Amnesiac the Magician (Mummy Air Elementalist)       Turns: 493, Time: 00:01:51

Health: -2/19      AC:  2    Str: 11    XL:     2   Next: 10%
Magic:  2/6        EV: 12    Int: 14    God:
Gold:   41         SH:  0    Dex: 12    Spells: 4/7 levels left

rFire    x . .     SeeInvis .   c - +0 dagger
rCold    + . .     Gourm    .   (no shield)
rNeg     + + +     Faith    .   a - +0 robe
rPois    ∞         Spirit   .   (no helmet)
rElec    .         Reflect  .   b - scarf {repulsion}
rCorr    .         Harm     .   (no gloves)
MR       .....                  (no boots)
Stlth    ++........             (no amulet)
HPRegen  0.06/turn              (no ring)
MPRegen  0.10/turn              (no ring)

@: very slightly contaminated, repel missiles
A: no food or potions, fire vulnerability, cold resistance 1, negative energy
resistance 3, torment resistance, unbreathing
a: no special abilities


You were on level 4 of the Dungeon.
You were not hungry.

You visited 1 branch of the dungeon, and saw 4 of its levels.

You collected 41 gold pieces.

Inventory:

Hand Weapons
 c - a +0 dagger (weapon)
Armour
 a - a +0 robe (worn)
 b - a scarf of repulsion (worn)


   Skills:
 - Level 1.5 Dodging
 - Level 1.5 Stealth
 + Level 3.0 Spellcasting
 - Level 0.7 Conjurations
 * Level 2.8 Air Magic


You had 4 spell levels left.
You knew the following spells:

 Your Spells              Type           Power        Failure   Level  Hunger
a - Shock                 Conj/Air       #...         11%         1    N/A
z - Swiftness             Chrm/Air       #.......     19%         2    N/A

Your spell library contained the following spells:

 Spells                   Type           Power        Failure   Level  Hunger
 Lightning Bolt           Conj/Air       #.........   96%         5    N/A
 Airstrike                Air            ##........   54%         4    N/A
 Static Discharge         Conj/Air       #.......     30%         3    N/A

Dungeon Overview and Level Annotations

Branches:
Dungeon (4/15)
 Temple: D:4-7

Altars:


Innate Abilities, Weirdness & Mutations

You do not eat or drink.
Your flesh is vulnerable to fire.
You are immune to poison.
Your flesh is cold resistant. (rC+)
You are immune to negative energy. (rN+++)
You are immune to unholy pain and torment.
You can survive without breathing.


Message History

The phantom is moderately damaged.
The phantom barely misses you.
Unknown command.
Casting: Shock (safe; 11% risk of failure)
Confirm with . or Enter, or press ? or * to list all spells.
Aiming: Shock (safe; 11% risk of failure)
Press: ? - help, Shift-Dir - straight line, f/p - phantom
Aim: a phantom (moderately damaged)
The zap hits the phantom.
The phantom appears unharmed.
The phantom is moderately damaged.
The zap hits the phantom.
The phantom is moderately damaged.
The phantom hits you.
The phantom blinks!
Unknown command.
Casting: Shock (safe; 11% risk of failure)
Confirm with . or Enter, or press ? or * to list all spells.
Aiming: Shock (safe; 11% risk of failure)
Press: ? - help, Shift-Dir - straight line, f/p - phantom
Aim: a phantom (moderately damaged)
You miscast Shock.
Nothing appears to happen.
Casting: Shock (safe; 11% risk of failure)
Confirm with . or Enter, or press ? or * to list all spells.
Aiming: Shock (safe; 11% risk of failure)
Press: ? - help, Shift-Dir - straight line, f/p - phantom
Aim: a phantom (moderately damaged)
The zap hits the phantom.
The phantom is moderately damaged.
The zap misses the phantom.
Unknown command.
Casting: Shock (safe; 11% risk of failure)
Confirm with . or Enter, or press ? or * to list all spells.
Aiming: Shock (safe; 11% risk of failure)
Press: ? - help, Shift-Dir - straight line, f/p - phantom
Aim: a phantom (moderately damaged)
The zap hits the phantom.
The phantom is moderately damaged.
The zap hits the phantom.
The phantom is moderately damaged.
The phantom barely misses you.
Unknown command.
Casting: Shock (safe; 11% risk of failure)
Confirm with . or Enter, or press ? or * to list all spells.
You don't have enough magic to cast that spell.
The phantom blinks!
The phantom blinks!
You open the door.
Found a scale mail.
There is an open door here.
A worker ant comes into view.
The worker ant twitches its antennae in your direction.
The phantom blinks!
Found a stone staircase leading up.
You open the door. The worker ant bites you!
* * * LOW HITPOINT WARNING * * *
There is an open door here.
The worker ant closely misses you.
The phantom blinks!
The worker ant bites you.
* * * LOW HITPOINT WARNING * * *
The worker ant barely misses you.
There is a stone staircase leading up here.
The worker ant bites you.
You die...

.... . ... <. #.# #..
########.# ###... #..
.....# ...... #.# ##.#.#
##.....
..####@###....###......
........a.....W..'......
...####.##.....###......
#.#.#..#(# ##.....
#..###...# ##.... #.##
##.## ##... ##.###.##
##'# ##.#.## #.# ##..#
#.#


You could see a phantom and a worker ant.

Vanquished Creatures
  2 dart slugs (D:1)
  A bat (D:1)
  A goblin (D:3)
  A frilled lizard (D:1)
  A kobold (D:1)
  A rat (D:1)
7 creatures vanquished.

Notes
Turn   | Place    | Note
-------+----------+-------------------------------------------
     0 | D:1      | Amnesiac the Mummy Air Elementalist began the quest for the Orb.
     0 | D:1      | Reached XP level 1. HP: 13/13 MP: 4/4
   153 | D:1      | Reached skill level 3 in Spellcasting
   286 | D:1      | Reached XP level 2. HP: 18/19 MP: 0/6
   290 | D:1      | Learned a level 2 spell: Swiftness
   446 | D:4      | Noticed a phantom
   493 | D:4      | Slain by a worker ant

Skill      XL: |  1 |
---------------+----+-----
Spellcasting   | 3 |  3.0
Dodging        | |  1.5
Stealth        | |  1.5
Conjurations   | |  0.7
Air Magic      | |  2.8

Action                   || total
-------------------------++-------
Melee: Dagger            ||     3
       Unarmed           ||     1
 Cast: Shock             ||    24
Armor: Robe              ||     2
Dodge: Dodged            ||     5
